 Dungeon Crawl Stone Soup version 0.24.0-13-gcf9b319 (webtiles) character file.

Game seed: 702840487424589615, levelgen mode: deterministic

18 Bronimir the Stinger (level 2, -1/19 HPs)
             Began as a Formicid Venom Mage on Mar 5, 2020.
             Killed from afar by Terence (6 damage)
             ... with a puff of flame
             ... on level 2 of the Dungeon.
             The game lasted 00:01:44 (634 turns).

Bronimir the Stinger (Formicid Venom Mage)           Turns: 634, Time: 00:01:45

Health: -1/19      AC:  5    Str: 12    XL:     2   Next: 85%
Magic:  0/5        EV: 10    Int: 14    God:
Gold:   54         SH:  0    Dex: 11    Spells: 2/5 levels left

rFire    . . .     SeeInvis +   a - +2 whip (elec)
rCold    . . .     Gourm    .   (no shield)
rNeg     . . .     Faith    .   f - +0 ring mail
rPois    .         Spirit   .   (helmet unavailable)
rElec    .         Reflect  .   (no cloak)
rCorr    .         Harm     .   (no gloves)
MR       .....                  (no boots)
Stlth    +.........             (no amulet)
HPRegen  0.06/turn              (no ring)
MPRegen  0.09/turn              (no ring)

@: no status effects
A: permanent stasis, dig shafts and tunnels, four strong arms, antennae 3
a: Dig, Shaft Self


You were on level 2 of the Dungeon.
You were not hungry.

You visited 1 branch of the dungeon, and saw 2 of its levels.

You collected 54 gold pieces.

Inventory:

Hand Weapons
 a - a +2 whip of electrocution (weapon)
 h - a +0 club
Missiles
 g - 24 arrows
 j - 20 stones (quivered)
 k - 21 bolts
Armour
 e - a +0 robe
 f - a +0 ring mail (worn)
Scrolls
 b - a scroll of amnesia {unknown}
 m - a scroll of immolation {unknown}
 n - a scroll of teleportation {unknown}
Potions
 d - a potion of berserk rage {unknown}
 l - a potion of brilliance {unknown}
Comestibles
 c - 2 rations


   Skills:
 * Level 0.7 Armour
 + Level 1.8 Dodging
 - Level 2.4 Stealth
 + Level 2.2 Spellcasting
 + Level 0.8 Conjurations
 * Level 4.9 Poison Magic


You had 2 spell levels left.
You knew the following spells:

 Your Spells              Type           Power        Failure   Level  Hunger
a - Sting                 Conj/Pois      #...         16%         1    #......
b - Poisonous Vapours     Pois/Air       #.....       28%         2    ###....

Your spell library contained the following spells:

 Spells                   Type           Power        Failure   Level  Hunger
 Mephitic Cloud           Conj/Pois/Air  #.......     56%         3    ###....
 Olgreb's Toxic Radiance  Pois           ###.....     56%         4    #####..
 Venom Bolt               Conj/Pois      #.........   99%         5    ######.


Dungeon Overview and Level Annotations

Branches:
Dungeon (2/15)

Altars:

Annotations:
D:2 Terence


Innate Abilities, Weirdness & Mutations

You cannot be hasted, slowed, berserked, paralysed or teleported.
You can dig through walls and to a lower floor.
Your four strong arms can wield two-handed weapons with a shield.
You have a pair of large antennae on your head. (SInv)


Message History

You don't have enough magic to cast that spell.
Unknown command.
Casting: Sting (safe; 16% risk of failure)
Confirm with . or Enter, or press ? or * to list all spells.
You don't have enough magic to cast that spell.
Unknown command.
You hit Terence.
Terence is heavily wounded.
Terence barely misses you.
You closely miss Terence.
Terence is heavily wounded.
Terence hits you with a +0 morningstar.
You hit Terence but do no damage.
Terence is heavily wounded.
Terence looks more healthy.
Terence zaps a wand.
The puff of flame hits you.
* * * LOW HITPOINT WARNING * * *
You barely miss Terence.
Terence is heavily wounded.
Terence zaps a wand.
The puff of flame hits you.
You die...

###########
##....(.....
......[..>
#[#.....#
#.#..?#.#
#..[....#
#...@@..#
#<...)....#
#.....#.#.#
#.#.#<# ..
#####.# ##
.# ##


You could see Terence.

Vanquished Creatures
  A dart slug (D:1)
  2 goblins (D:1)
  6 hobgoblins
  A bat (D:1)
  A frilled lizard (D:1)
  2 kobolds (D:1)
  2 rats (D:1)
15 creatures vanquished.

Notes
Turn   | Place    | Note
-------+----------+-------------------------------------------
     0 | D:1      | Bronimir the Formicid Venom Mage began the quest for the
                  | Orb.
     0 | D:1      | Reached XP level 1. HP: 13/13 MP: 3/3
   237 | D:1      | Reached XP level 2. HP: 19/19 MP: 1/5
   299 | D:1      | Learned a level 2 spell: Poisonous Vapours
   622 | D:2      | Noticed Terence
   634 | D:2      | Killed from afar by Terence

Levels and vault maps discovered:
D:1:      psy_arrival_statuary, layout_basic
D:2:      layout_basic, led_sif_pool, uniq_terence

Action                   || total
-------------------------++-------
Melee: Unarmed           ||     5
       Club              ||     2
       Whip              ||    24
 Cast: Sting             ||     7
       Poisonous Vapours ||     2
Armor: Robe              ||     2
       Ring mail         ||     8
Dodge: Dodged            ||    19
